 Dungeon Crawl Stone Soup version 0.24.0-37-gcf1ca852f1 (webtiles) character file.

Game seed: 17912625724193619401, levelgen mode: deterministic

53 Mrkan the Sneak (level 4, 0/24 HPs)
             Began as a Kobold Enchanter on Nov 25, 2019.
             Killed from afar by Natasha (6 damage)
             ... with a magic dart
             ... on level 2 of the Dungeon.
             The game lasted 00:04:02 (1900 turns).

Mrkan the Sneak (Kobold Enchanter)                  Turns: 1900, Time: 00:04:03

Health: 0/24       AC:  9    Str:  5    XL:     4   Next: 10%
Magic:  7/7        EV: 16    Int: 16    God:
Gold:   82         SH:  0    Dex: 16    Spells: 6/7 levels left

rFire    . . .     SeeInvis .   e - +1 short sword (protect)
rCold    + . .     Gourm    .   (shield restricted)
rNeg     . . .     Faith    .   b - +0 robe
rPois    .         Spirit   .   (no helmet)
rElec    .         Reflect  .   (no cloak)
rCorr    .         Harm     .   (no gloves)
MR       .....                  (no boots)
Stlth    +++.......             (no amulet)
HPRegen  0.08/turn              k - ring of protection from cold
MPRegen  0.10/turn              (no ring)

@: protection aura
A: small, carnivore
a: no special abilities


You were on level 2 of the Dungeon.
You were completely stuffed.

You visited 1 branch of the dungeon, and saw 2 of its levels.

You collected 82 gold pieces.

Inventory:

Hand Weapons
 a - a +1 dagger
 e - a +1 short sword of protection (weapon)
Armour
 b - a +0 robe (worn)
 m - a scarf of resistance
Jewellery
 j - an uncursed amulet of faith
 k - a ring of protection from cold (left hand)
Scrolls
 f - a scroll of teleportation {unknown}
 o - a scroll of identify {unknown}
 p - a scroll of fog {unknown}
Potions
 c - a potion of agility {unknown}
 g - a potion of brilliance {unknown}
 h - a potion of flight {unknown}
 i - a potion of might {unknown}
 l - a potion of heal wounds {unknown}
Comestibles
 d - 2 rations
 n - 2 chunks of flesh


   Skills:
 + Level 2.3 Short Blades
 + Level 3.0 Dodging
 * Level 5.2 Stealth
 - Level 2.1 Spellcasting
 + Level 3.3 Hexes


You had 6 spell levels left.
You knew the following spells:

 Your Spells              Type           Power        Failure   Level  Hunger
a - Corona                Hex            ##.....      4%          1    #......

Your spell library contained the following spells:

 Spells                   Type           Power        Failure   Level  Hunger
 Ensorcelled Hibernation  Hex/Ice        #.....       16%         2    ###....
 Confuse                  Hex            ##......     16%         3    ###....
 Tukima's Dance           Hex            ##......     16%         3    ###....
 Dazzling Spray           Conj/Hex       #.....       30%         3    ###....


Dungeon Overview and Level Annotations

Branches:
Dungeon (2/15)

Altars:
Hepliaklqana

Annotations:
D:2 Natasha


Innate Abilities, Weirdness & Mutations

You are small and have problems with some larger weapons.
You are carnivorous and can eat meat at any time.


Message History

Okay, then.
Okay, then.
You closely miss Natasha.
Natasha is lightly wounded.
Natasha claws you but does no damage.
You miss Natasha.
Natasha is lightly wounded.
Natasha stares at you and mumbles some strange words.
You resist with some effort.
You hit Natasha.
Natasha is lightly wounded.
Natasha misses you.
You closely miss Natasha.
Natasha is lightly wounded.
Natasha completely misses you.
You hit Natasha.
Natasha is moderately wounded.
Natasha stares at you and mumbles some strange words.
The magic dart hits you.
You die...

##.#....####..##.#####.
#.......###.#####
##....#....## #. #.
#....###.## #.##.####.... ###
#.....#....###
##..........######..
#...........#......#
#...........@.#
#.......>...#h..[..#
#..........######..
#....##...###### ..
#...#####......# ..
####.#########...# ..
#.................# .....
#........<..#......#####...#.
#......รท...................#.


You could see Natasha.

Vanquished Creatures
  2 adders (D:2)
  A worm (D:2)
  A dart slug (D:1)
  A leopard gecko (D:1)
  5 bats
  A giant cockroach (D:1)
  4 goblins
  2 hobgoblins (D:1)
  5 kobolds
  5 frilled lizards
  2 rats (D:1)
29 creatures vanquished.

Notes
Turn   | Place    | Note
-------+----------+-------------------------------------------
     0 | D:1      | Mrkan the Kobold Enchanter began the quest for the Orb.
     0 | D:1      | Reached XP level 1. HP: 10/10 MP: 3/3
   156 | D:1      | Reached XP level 2. HP: 8/15 MP: 5/5
   957 | D:1      | Reached XP level 3. HP: 19/19 MP: 6/6
  1564 | D:2      | Found a hazy altar of Hepliaklqana.
  1678 | D:2      | Reached skill level 5 in Stealth
  1871 | D:2      | Reached XP level 4. HP: 24/24 MP: 7/7
  1891 | D:2      | Noticed Natasha
  1900 | D:2      | Killed from afar by Natasha

Levels and vault maps discovered:
D:1:      lightli_arrival_farm, layout_basic
D:2:      layout_rooms, minitemple, lemuel_round_altar, minivault_24,
          nicolae_tso_swordbearing_angel, uniq_natasha

Skill      XL: |  1  2  3 |
---------------+----------+-----
Short Blades   | 2 |  2.3
Dodging        | 3 |  3.0
Stealth        | 5 |  5.2
Spellcasting   | |  2.1
Hexes          | |  3.3

Action                   |  1- 3 |  4- 6 || total
-------------------------+-------+-------++-------
Melee: Dagger            |    84 |       ||    84
       Short sword       |    37 |     9 ||    46
 Stab: Sleeping          |     8 |       ||     8
  Eat: Chunk             |    11 |     1 ||    12
Armor: Robe              |    24 |     1 ||    25
Dodge: Dodged            |   107 |     2 ||   109
